 Dungeon Crawl Stone Soup version 0.19.1 (webtiles) character file.

346 Nydiazath the Covert (level 6, -4/28 HPs)
             Began as a Spriggan Enchanter on Dec 15, 2016.
             Slain by Philosophy's ghost (16 damage)
             ... on level 3 of the Dungeon on Dec 17, 2016.
             The game lasted 00:13:54 (3800 turns).

Nydiazath the Covert (Spriggan Enchanter)           Turns: 3800, Time: 00:14:23

Health: -4/28      AC:  4    Str:  4    XL:     6   Next: 32%
Magic:  11/11      EV: 18    Int: 16    God:
Gold:   152        SH:  0    Dex: 16    Spells: 3 memorised, 4 levels left

rFire  . . .     SeeInvis +     v - +2 dagger (elec)
rCold  . . .     Gourm    .     b - +1 robe
rNeg   . . .     Faith    .     (shield restricted)
rPois  .         Spirit   .     (helmet restricted)
rElec  .         Reflect  .     r - +0 cloak
rCorr  .         Harm     .     (gloves unavailable)
MR     +....                    (boots unavailable)
Stlth  ++++......               (no amulet)
                                h - ring of wizardry
                                k - -3 ring of intelligence (curse)

@: very quick
A: unfitting armour, see invisible, herbivore 3, speed 3, slow metabolism 2
a: no special abilities


You were on level 3 of the Dungeon.
You were very full.

You visited 1 branch of the dungeon, and saw 3 of its levels.

You collected 152 gold pieces.

Inventory:

Hand Weapons
 e - a +4 dagger of venom
 v - a +2 dagger of electrocution (weapon)
Armour
 b - a +1 robe (worn)
 r - a +0 cloak (worn)
Jewellery
 h - a ring of wizardry (right hand)
 k - a cursed -3 ring of intelligence (left hand)
Scrolls
 g - 2 scrolls of fog {unknown}
 j - a scroll of enchant weapon {unknown}
 l - 2 scrolls of immolation {unknown}
 m - a scroll of identify
 o - 4 scrolls of remove curse {unknown}
 p - 3 scrolls of magic mapping {unknown}
 q - a scroll of noise {unknown}
 s - a scroll of fear {unknown}
 t - 2 scrolls of teleportation {unknown}
Potions
 a - 2 potions of flight
 f - a potion of invisibility {unknown}
 i - a potion of berserk rage {unknown}
 n - a potion of haste {unknown}
 u - a potion of agility {unknown}
Books
 c - a book of Maledictions

   Spells                             Type                      Level
   a - Corona                         Hexes                        1
   b - Ensorcelled Hibernation        Hexes/Ice                    2
   c - Confuse                        Hexes                        3
   d - Tukima's Dance                 Hexes                        3
   e - Dazzling Spray                 Conjuration/Hexes            3
Comestibles
 d - 5 bread rations


   Skills:
 - Level 0.2 Fighting
 + Level 4.9 Short Blades
 + Level 3.0 Dodging
 + Level 8.3 Stealth
 - Level 2.8 Spellcasting
 - Level 3.8 Hexes


You had 4 spell levels left.
You knew the following spells:

 Your Spells              Type           Power        Failure   Level  Hunger
a - Corona                Hex            ##.....      1%          1    #......
b - Ensorcelled Hibernat  Hex/Ice        #.....       6%          2    ##.....
c - Confuse               Hex            ##......     4%          3    ###....


Dungeon Overview and Level Annotations

Branches:
Dungeon (3/15)

Altars:
Elyvilon

Annotations:
D:3 Philosophy's ghost, amateur FoFi


Innate Abilities, Weirdness & Mutations

You are very small and have problems with some larger weapons.
You are too small for most types of armour.
You have supernaturally acute eyesight. (SInv)
You are a herbivore.
You cover ground extremely quickly.
You need consume almost no food.


Message History

There is a stone staircase leading down here.
You start resting.
Magic restored.
You start resting.
HP restored.
You climb downwards.
Level annotation: Philosophy's ghost, amateur FoFi Philosophy's ghost hits you!
Ouch! That really hurt!
Philosophy's ghost hits you!
Ouch! That really hurt!
You die...

.......##..........#####
#...#..
..###..##.รท........#
#...##.
..###..##...####...#
##########.
###....##...# #.###
#....######
#.#.##########.###
#.......### #......#
#......# #..........
#......# #......#
#.......... #......#
#......# ####.......
#......# #...@W.#
#....... #......#
#......# #.......
#......# #......#
#....... #......#
######## #.......
#......# #..<....
######## ####.####
#....#### #.#......
#.#......


You could see Philosophy's ghost.

Vanquished Creatures
  An ice beast (D:3)
  Crazy Yiuf (D:2)
  Jessica (D:3)
  7 adders
  4 gnolls (D:3)
  2 oozes
  3 worms
  3 dart slugs
  4 leopard geckos (D:2)
  8 bats
  5 giant cockroaches
  15 goblins
  7 hobgoblins
  6 frilled lizards
  3 kobolds
  10 rats
80 creatures vanquished.

Notes
Turn   | Place    | Note
-------+----------+-------------------------------------------
     0 | D:1      | Nydiazath the Spriggan Enchanter began the quest for the Orb.
     0 | D:1      | Reached XP level 1. HP: 9/9 MP: 5/5
   456 | D:1      | Reached XP level 2. HP: 13/13 MP: 6/6
  1000 | D:1      | Reached skill level 5 in Stealth
  1007 | D:1      | Reached XP level 3. HP: 16/16 MP: 8/8
  1011 | D:1      | Learned a level 2 spell: Ensorcelled Hibernation
  1015 | D:1      | Learned a level 3 spell: Confuse
  1465 | D:2      | Found a white marble altar of Elyvilon.
  1533 | D:2      | Reached skill level 6 in Stealth
  1661 | D:2      | Reached XP level 4. HP: 14/21 MP: 9/9
  1966 | D:2      | Found a runed door.
  2210 | D:2      | Noticed Crazy Yiuf
  2214 | D:2      | Killed Crazy Yiuf
  2214 | D:2      | Reached skill level 7 in Stealth
  2214 | D:2      | Reached XP level 5. HP: 24/24 MP: 10/10
  2294 | D:3      | Noticed Philosophy's ghost (amateur FoFi)
  2632 | D:3      | Noticed an ice beast
  2656 | D:3      | Killed an ice beast
  2656 | D:3      | Reached XP level 6. HP: 28/28 MP: 8/11
  3129 | D:3      | Noticed Jessica
  3136 | D:3      | Killed Jessica
  3136 | D:3      | Reached skill level 8 in Stealth
  3800 | D:3      | Slain by Philosophy's ghost

Skill      XL: |  1  2  3  4  5  6 |
---------------+-------------------+-----
Stealth        | 5 6 7 8 |  8.3
Short Blades   | 2 3 4 |  4.9
Fighting       | |  0.2
Dodging        | |  3.0
Spellcasting   | |  2.8
Hexes          | |  3.8

Action                   |  1- 3 |  4- 6 || total
-------------------------+-------+-------++-------
Melee: Dagger            |    82 |   121 ||   203
 Cast: Ensorcelled Hiber |     1 |     4 ||     5
       Confuse           |       |    20 ||    20
  Use: Scroll            |     2 |       ||     2
 Stab: Sleeping          |    11 |     7 ||    18
       Confused          |       |     5 ||     5
       Distracted        |       |     1 ||     1
  Eat: Fruit             |       |     4 ||     4
       Bread ration      |       |     1 ||     1
Armor: Robe              |     4 |    13 ||    17
Dodge: Dodged            |    47 |    48 ||    95
